[Event "Team 45 45 League T27"]
[Site "Internet Chess Club"]
[Date "2005.07.17"]
[Round "5"]
[White "fuzzface"]
[Black "houseofcook"]
[Result "1-0"]
[WhiteElo "1358"]
[BlackElo "1330"]
[TimeControl "2700+45"]

1. e4 e6 2. Nf3 d5 3. e5 c5 4. d4 Nc6 5. Bb5 Bd7 6. c3 cxd4 7. Bxc6 bxc6 8. cxd4
c5 9. Be3 Qb6 10. Qb3 Rc8 11. Qxb6 axb6 12. O-O Ne7 13. Na3 Nf5 14. Nc2 Nxe3 15.
fxe3 Be7 16. a4 c4 17. a5 bxa5 18. Rxa5 O-O 19. Rc1 Ra8 20. Rca1 Rxa5 21. Rxa5
Rd8 22. Ra7 Kf8 23. h4 h6 24. g4 g6 25. g5 h5 26. Na1 Be8 27. b3 c3 28. Nc2 Rb8
29. Na1 Rc8 30. Ne1 Rb8 31. Rc7 Bb4 32. Nac2 Ba5 33. Ra7 Rb5 34. Nd3 Bb6 35. Ra3
Ra5 36. Rxa5 Bxa5 37. Nc5 Bc6 38. b4 Bb6 39. Kf2 Bb5 40. Ke1 Ke8 41. Nb7 Ke7 42.
Nd6 Bd7 43. Ke2 Bc7 44. Kd3 Bxd6 45. exd6+ Kxd6 46. Kxc3 e5 47. Kd3 Bf5+ 48. Kc3
Bxc2 49. Kxc2 exd4 50. exd4 Kc6 51. Kc3 Kb6 52. Kb3 Kb5 53. Ka3 Kc4 54. Ka4 Kxd4
55. b5 Kc5 56. Ka5 d4 57. b6 d3 58. b7 d2 59. b8=Q d1=Q 60. Qc7+ {Black resigns}
1-0

[Event "Team 45 45 League T27"]
[Site "Internet Chess Club"]
[Date "2005.07.18"]
[Round "5"]
[White "Prop"]
[Black "klt713"]
[Result "1-0"]
[WhiteElo "1308"]
[BlackElo "1179"]
[TimeControl "2700+45"]

1. e4 c5 2. Nf3 e6 3. Bc4 a6 4. O-O b5 5. Be2 Bb7 6. Nc3 b4 7. Na4 Bxe4 8. b3
Qc7 9. d4 cxd4 10. Nxd4 e5 11. Nf3 Bc6 12. Nb2 d5 13. Bg5 Bd6 14. Qd2 e4 15. Qe3
Ne7 16. Bxe7 Qxe7 17. Nd4 O-O 18. Nxc6 Nxc6 19. Qb6 Qe6 20. Bxa6 Be5 21. Rab1
Nd4 22. Qxe6 Nxe6 23. Bb7 Rxa2 24. Na4 Rxc2 25. Bxd5 Nd4 26. Bxe4 Re2 27. Bf3
Nxf3+ 28. gxf3 f5 29. Rbe1 Rxe1 30. Rxe1 Bf4 31. Nb6 h6 32. Nd5 Bd2 33. Re2 Bc3
34. Re6 Ra8 35. Rb6 Ra3 36. Nxb4 Rxb3 37. Rb8+ Kh7 38. Nc6 Rxb8 39. Nxb8 Kg6 40.
Nd7 Kg5 41. Kg2 Kf4 42. Nf8 Kg5 43. Kg3 Be5+ 44. Kg2 Bd6 45. Ne6+ Kf6 46. Nd4
Ke5 47. Ne2 g5 48. Kg3 f4+ 49. Kg4 Bc5 50. h4 Bxf2 51. hxg5 h5+ 52. Kxh5 Kd5 53.
Nxf4+ Ke5 54. Nh3 Bc5 55. g6 Bf8 56. Kg5 Ke6 57. f4 Ke7 58. f5 Bg7 59. Nf4 Kf8
60. Ne6+ Kg8 61. Nxg7 Kxg7 62. f6+ Kf8 63. Kh6 Kg8 64. g7 Kf7 65. Kh7 Kxf6 66.
g8=Q Ke5 67. Qg6 Kd4 68. Qf5 Ke3 69. Qd5 Kf4 70. Qe6 Kf3 71. Qe5 Kf2 72. Qe4 Kg3
73. Qf5 Kg2 74. Qf4 Kh3 75. Qg5 Kh2 76. Kg6 Kh1 77. Kf5 Kh2 78. Kf4 Kh1 79. Kf3
Kh2 80. Qg4 Kh1 81. Qg2# {Black checkmated} 1-0

[Event "Team 45 45 League T27"]
[Site "Internet Chess Club"]
[Date "2005.07.18"]
[Round "5"]
[White "Mutaant"]
[Black "BosqueVerde"]
[Result "0-1"]
[WhiteElo "1240"]
[BlackElo "1206"]
[TimeControl "2700+45"]

1. e4 e6 2. Bc4 d5 3. exd5 exd5 4. Bb5+ c6 5. Ba4 Nf6 6. Nc3 Bd6 7. d4 O-O 8.
Bg5 Re8+ 9. Nce2 Bf5 10. Nf3 Nbd7 11. O-O Bg4 12. Qd3 Qc7 13. g3 Ne4 14. Nf4
Bxf3 15. Qxf3 Nd2 16. Qd3 Nxf1 17. Rxf1 Qb6 18. Nxd5 Qa5 19. Qb3 b5 20. Bf4 bxa4
21. Qb7 Qxd5 22. Qxd7 Bxf4 23. Qxd5 cxd5 24. gxf4 Re4 25. c3 h5 26. f5 Rg4+ 27.
Kh1 Re8 28. f3 Rf4 29. Rf2 Rxf5 30. Kg2 g5 31. h3 h4 32. b3 Re3 33. c4 axb3 34.
axb3 Rxb3 35. cxd5 Rxd5 36. Rd2 a6 37. Kf2 a5 38. Ke2 f5 {White resigns} 0-1

[Event "Team 45 45 League T27"]
[Site "Internet Chess Club"]
[Date "2005.07.15"]
[Round "5"]
[White "EyeAm"]
[Black "ffplayer"]
[Result "1-0"]
[WhiteElo "1251"]
[BlackElo "1136"]
[TimeControl "2700+45"]

1. e4 e5 2. Bc4 Nf6 3. Nc3 Bb4 4. d3 O-O 5. Nf3 Nc6 6. a3 Bxc3+ 7. bxc3 d5 8.
Bb5 dxe4 9. Bxc6 bxc6 10. Nxe5 Bb7 11. O-O Re8 12. d4 c5 13. Rb1 Ba6 14. Re1
cxd4 15. cxd4 Rb8 16. Nc6 Qd6 17. Nxb8 Ng4 18. Qxg4 Qxd4 19. Be3 Qf6 20. Nxa6
Qxa6 21. Qd7 Kf8 22. Bc5+ {Black resigns} 1-0

[Event "Team 45 45 League T27"]
[Site "Internet Chess Club"]
[Date "2005.07.16"]
[Round "5"]
[White "rgadoury"]
[Black "chessterbaggins"]
[Result "1-0"]
[WhiteElo "1406"]
[BlackElo "1357"]
[TimeControl "2700+45"]

1. e4 e5 2. Nf3 Nc6 3. Bc4 d6 4. Nc3 Be7 5. O-O Bg4 6. h3 Bh5 7. Be2 Nf6 8. d3
O-O 9. Bg5 Nd4 10. Nxd4 exd4 11. Bxf6 Bxe2 12. Nxe2 Bxf6 13. Rb1 c5 14. Nf4 Be5
15. Nd5 Qg5 16. f4 Bxf4 17. Nxf4 Rae8 18. Qh5 Qg3 19. Rf3 Re5 20. Rxg3 Rxh5 21.
Nxh5 g6 22. Rf1 b5 23. Nf6+ Kg7 24. Nd5 b4 25. Ra1 f5 26. Rf1 Kh6 27. exf5 gxf5
28. Rgf3 Kg5 29. g3 h5 30. Nf4 Re8 31. Nxh5 Kxh5 32. Rxf5+ Kg6 33. Rf6+ Kg7 34.
Rxd6 Re2 35. Rf2 Re1+ 36. Kg2 Re8 37. Rd7+ Kg6 38. Rxa7 Re1 39. Rc7 Ra1 40. Rxc5
Rxa2 41. Rc4 Rxb2 42. Rxd4 Rb1 43. g4 Kg5 44. Kg3 b3 45. cxb3 Rxb3 46. Rd5+ Kg6
47. h4 Rb1 48. h5+ Kg7 49. Kf4 Rb4+ 50. Kg5 Rb6 51. Rd7+ Kg8 52. h6 Rb5+ 53. Rf5
Rb4 54. h7+ {Black resigns} 1-0

[Event "Team 45 45 League T27"]
[Site "Internet Chess Club"]
[Date "2005.07.16"]
[Round "5"]
[White "WzeroMN"]
[Black "gatoruss"]
[Result "0-1"]
[WhiteElo "1160"]
[BlackElo "1267"]
[TimeControl "2700+45"]

1. e4 c5 2. Nf3 d6 3. d4 cxd4 4. Nxd4 Nc6 5. Bb5 Bd7 6. Nxc6 Bxc6 7. Bxc6+ bxc6
8. Be3 Nf6 9. Nc3 g6 10. Qd2 Ng4 11. Bd4 e5 12. Be3 Nxe3 13. Qxe3 Bg7 14. O-O-O
h5 15. Qd3 Qg5+ 16. Kb1 Rd8 17. Qg3 Qxg3 18. hxg3 Ke7 19. Rd3 Rd7 20. f3 Rhd8
21. Rhd1 Ke6 22. b4 d5 23. b5 dxe4 24. Rxd7 Rxd7 25. bxc6 Rc7 26. Nxe4 Rxc6 27.
Kb2 f5 28. Ng5+ Kf6 29. Rd7 e4 30. Rf7+ Kxg5+ 31. Rxg7 e3 32. Re7 f4 33. Kc1 Rd6
34. gxf4+ Kxf4 35. Re8 g5 36. Rf8+ Kg3 37. Re8 Kf2 38. c3 e2 {White resigns} 0-1

[Event "Team 45 45 League T27"]
[Site "Internet Chess Club"]
[Date "2005.07.17"]
[Round "5"]
[White "ihatepickles"]
[Black "gafir777"]
[Result "1-0"]
[WhiteElo "1212"]
[BlackElo "1055"]
[TimeControl "2700+45"]

1. d4 d5 2. c4 dxc4 3. Nf3 b5 4. a4 c6 5. axb5 cxb5 6. b3 cxb3 7. e4 Bd7 8. Qxb3
a6 9. Nc3 e6 10. Nxb5 Nc6 11. Nc3 Bb4 12. Ba3 a5 13. Bb5 Nf6 14. O-O Bxc3 15.
Qxc3 Nxe4 16. Qxc6 Bxc6 17. Bxc6+ Qd7 18. Bxd7+ Kxd7 19. Ne5+ Kc7 20. Rfc1+ Kb6
21. Rab1+ Ka6 22. Rc6+ Ka7 23. Rc7+ Ka6 24. Rcb7 Rab8 25. R1b6# {Black
checkmated} 1-0

[Event "Team 45 45 League T27"]
[Site "Internet Chess Club"]
[Date "2005.07.17"]
[Round "5"]
[White "gule"]
[Black "Mislav"]
[Result "0-1"]
[WhiteElo "1801"]
[BlackElo "1893"]
[TimeControl "2700+45"]

1. d4 d5 2. c4 e5 3. dxe5 d4 4. Nf3 Nc6 5. g3 Nge7 6. Bg2 Ng6 7. O-O Ngxe5 8.
Nbd2 a5 9. Nxe5 Nxe5 10. Nf3 Nxf3+ 11. Bxf3 Bc5 12. Qa4+ Bd7 13. Qb3 Rb8 14. e3
O-O 15. exd4 Bxd4 16. Rd1 Qf6 17. Bg5 Qxg5 18. Rxd4 Bc6 19. Rg4 Qe5 20. Bg2 f5
21. Rh4 Qf6 22. c5+ Kh8 23. Bxc6 bxc6 24. Qc3 Rxb2 25. Qxf6 Rxf6 26. Ra4 Rb5 27.
Re1 Kg8 28. Re5 Kf7 29. Rd4 g5 30. Rd7+ Kg6 31. Rxc7 Rb2 32. Ree7 h6 33. a4 Ra2
34. h3 Rxa4 35. Ra7 Ra1+ 36. Kg2 g4 37. hxg4 fxg4 38. Re4 h5 39. Ree7 Ra2 40.
Rg7+ Kf5 41. Rh7 Ke4 42. Rae7+ Kd3 43. Re3+ Kd4 44. Rd7+ Kxc5 45. Re5+ Kb6 46.
Rxh5 Raxf2+ 47. Kg1 Rf1+ 48. Kg2 R6f2# {White checkmated} 0-1

[Event "Team 45 45 League T27"]
[Site "Internet Chess Club"]
[Date "2005.07.17"]
[Round "5"]
[White "ears"]
[Black "knightstorm"]
[Result "1-0"]
[WhiteElo "1746"]
[BlackElo "1856"]
[TimeControl "2700+45"]

1. e4 c6 2. d4 d5 3. Nc3 dxe4 4. Nxe4 Bf5 5. Ng3 Bg6 6. Nf3 h6 7. Ne5 Bh7 8. Bc4
e6 9. Qe2 Qe7 10. Nh5 Nf6 11. Nf4 Bf5 12. f3 g5 13. g4 Bh7 14. Nxf7 Kxf7 15.
Bxe6+ Ke8 16. O-O gxf4 17. Bxf4 Bg8 18. Rae1 Bxe6 19. Qxe6 Qxe6 20. Rxe6+ Be7
21. Rfe1 Rh7 22. Bd6 Ng8 23. Kg2 Nd7 24. c3 Nf8 25. R6e2 Kd7 26. Bg3 Bd6 27.
Bxd6 Kxd6 28. Re8 Rxe8 29. Rxe8 Rf7 30. Re2 Ng6 31. Kg3 Nf4 32. Rd2 Ne7 33. a4
Ned5 34. a5 Re7 35. c4 Nb4 36. d5 cxd5 37. Kxf4 Rf7+ 38. Kg3 Kc5 39. cxd5 Nxd5
40. Re2 Nf4 41. Re4 Nd5 42. Re6 Rh7 43. h4 Kd4 44. Rd6 Ke5 45. Rd8 Nf6 46. Rb8
Kd4 47. Rc8 Ke3 48. Rc3+ Kd4 49. Rc8 Nd5 50. Rd8 Kc4 51. Rd6 Kc5 52. Rd8 Nc7 53.
Rf8 Kb4 54. Rf5 Nb5 55. a6 bxa6 56. g5 hxg5 57. hxg5 Rg7 58. Kh4 Nd6 59. Rf6 Kc5
60. Kh5 Nf7 61. f4 Kd5 62. Rxa6 Ke4 63. Rf6 a5 64. g6 Nh8 65. f5 Ke5 66. Rf8
Nxg6 67. fxg6 Rb7 68. Rf2 Rb3 69. Kh6 Rh3+ 70. Kg7 Ke6 71. Rf6+ Ke7 72. Rf7+ Ke6
73. Kg8 Rb3 74. g7 Rb8+ 75. Rf8 Rb3 76. Rf2 Rb4 77. Rh2 Kf6 78. Kh8 {Black
resigns} 1-0

[Event "Team 45 45 League T27"]
[Site "Internet Chess Club"]
[Date "2005.07.19"]
[Round "5"]
[White "jazzyjoe"]
[Black "clarnibass"]
[Result "1-0"]
[WhiteElo "1747"]
[BlackElo "1666"]
[TimeControl "2700+45"]

1. e4 e6 2. d4 d5 3. exd5 exd5 4. Nf3 Nc6 5. Be2 Bd6 6. Be3 Nge7 7. O-O Bf5 8.
c3 Qd7 9. Nbd2 f6 10. Nh4 Be6 11. Nhf3 O-O-O 12. Rc1 g5 13. c4 dxc4 14. Bxc4 h5
15. Ne4 Bxc4 16. Rxc4 Nd5 17. Nxd6+ Qxd6 18. Re1 h4 19. Qd3 Nce7 20. Rec1 g4 21.
Nd2 f5 22. Bg5 Rd7 23. Bxe7 Nxe7 24. Ra4 Kb8 25. Nb3 h3 26. Nc5 Rdd8 27. Qb5
{Black resigns} 1-0

[Event "Team 45 45 League T27"]
[Site "Internet Chess Club"]
[Date "2005.07.15"]
[Round "5"]
[White "GhostMate"]
[Black "ApakohKrieger"]
[Result "1/2-1/2"]
[WhiteElo "1693"]
[BlackElo "1700"]
[TimeControl "2700+45"]

1. e4 d6 2. d4 g6 3. Bd3 Bg7 4. c3 c5 5. Be3 b6 6. Nd2 Bb7 7. f4 Nd7 8. Ngf3
Ngf6 9. O-O Ng4 10. Qe2 Nxe3 11. Qxe3 Qc7 12. Rae1 O-O 13. e5 dxe5 14. fxe5 cxd4
15. cxd4 e6 16. Rc1 Qd8 17. Nc4 Bd5 18. b3 Nb8 19. Nd6 Nc6 20. a3 Ne7 21. Ng5
Bh6 22. Qg3 Nf5 23. Nxf5 Bxg5 24. Nd6 Bxc1 25. Rxc1 Bxb3 26. Ne4 Rc8 27. Nf6+
Kg7 28. Rxc8 Qxc8 29. Nh5+ Kh8 30. Qg5 f5 31. Nf6 Qc3 32. Qh4 Rf7 33. Nxh7 Rxh7
34. Qd8+ Kg7 35. Qf6+ Kg8 36. Qd8+ Kf7 37. Qf6+ Ke8 38. Bb5+ Rd7 39. Qh8+ Kf7
40. Qh7+ Kf8 41. Qh8+ Ke7 42. Qg7+ Ke8 43. Qxd7+ Kf8 44. Qd8+ Kg7 45. Qf6+ Kh7
46. Qh4+ Kg7 47. Qf6+ {Game drawn by mutual agreement} 1/2-1/2

[Event "Team 45 45 League T27"]
[Site "Internet Chess Club"]
[Date "2005.07.15"]
[Round "5"]
[White "DTK"]
[Black "Lug"]
[Result "0-1"]
[WhiteElo "1940"]
[BlackElo "1941"]
[TimeControl "2700+45"]

1. e4 c5 2. Nf3 e6 3. d3 d5 4. Nbd2 Nc6 5. g3 Nf6 6. Bg2 Be7 7. O-O O-O 8. Re1
b5 9. e5 Nd7 10. Nf1 a5 11. h4 b4 12. Bf4 Ba6 13. N1h2 c4 14. d4 Re8 15. Ng5 h6
16. Ngf3 a4 17. h5 Qa5 18. g4 Qb6 19. c3 a3 20. Rb1 axb2 21. Rxb2 Qa5 22. g5
bxc3 23. Rc2 Bb5 24. gxh6 Ba4 25. h7+ Kh8 26. Ng5 Bxg5 27. Bxg5 Nb4 28. Qf3 Nxc2
29. Rb1 Nxd4 30. Qxf7 Rf8 {White resigns} 0-1

[Event "Team 45 45 League T27"]
[Site "Internet Chess Club"]
[Date "2005.07.18"]
[Round "5"]
[White "ardsrfc"]
[Black "tourettes"]
[Result "1/2-1/2"]
[WhiteElo "1755"]
[BlackElo "1813"]
[TimeControl "2700+45"]

1. b3 Nf6 2. Bb2 g6 3. e3 Bg7 4. c4 O-O 5. Nf3 b6 6. Nc3 Bb7 7. d4 d5 8. cxd5
Nxd5 9. Be2 Nxc3 10. Bxc3 Nd7 11. O-O Nf6 12. Rc1 Nd5 13. Ba1 Qd6 14. Qd2 Rac8
15. Rfd1 Nf6 16. Qe1 Nd5 17. Ne5 c5 18. Nc4 Qd7 19. Bf3 cxd4 20. Bxd4 Qb5 21.
Na3 Qd7 22. Bxg7 Rxc1 23. Rxc1 Kxg7 24. Rd1 Qe6 25. Nc2 Rb8 26. Nd4 Qe5 27. Rc1
{Game drawn by mutual agreement} 1/2-1/2

[Event "Team 45 45 League T27"]
[Site "Internet Chess Club"]
[Date "2005.07.17"]
[Round "5"]
[White "kingfischer57"]
[Black "tarheels"]
[Result "1/2-1/2"]
[WhiteElo "1696"]
[BlackElo "1769"]
[TimeControl "2700+45"]

1. d4 Nf6 2. c4 e6 3. Nc3 b6 4. Nf3 Bb7 5. e3 Be7 6. Bd3 O-O 7. O-O Re8 8. Re1
Na6 9. a3 c5 10. e4 d5 11. cxd5 cxd4 12. Nxd4 exd5 13. exd5 Nc5 14. Bc2 Nxd5 15.
Nxd5 Qxd5 16. Nf3 Qxd1 17. Rxd1 Bxf3 18. gxf3 Rad8 19. Be3 Bf6 20. Rab1 Ne6 21.
b4 Nd4 22. Be4 Ne2+ 23. Kg2 Rxd1 24. Rxd1 Nc3 25. Rd7 Nxe4 26. fxe4 Ra8 27. f4
b5 28. e5 Bh4 29. Rxa7 Rxa7 30. Bxa7 Be1 31. Be3 Kf8 32. Kf3 Bc3 33. Bc1 Ke7 34.
Ke4 g5 35. f5 g4 36. Kd5 h5 37. Bf4 Bb2 38. Kc5 Bxa3 39. Kxb5 h4 40. Kc6 Bxb4
41. Kd5 Be1 42. Ke4 g3 43. hxg3 hxg3 44. Kf3 g2 45. Kxg2 Kd7 46. Kf3 Bh4 47. Ke4
Be7 48. Kd5 Ba3 49. e6+ fxe6+ 50. fxe6+ Ke8 51. Bd6 Bb2 52. Be5 Ba3 53. Bd6 Bb2
54. Kc6 Ba1 55. Kc7 Bc3 56. Kc6 Bd2 57. Kd5 Be3 58. Be5 Bb6 59. Bf6 Bc7 60. Kc6
Bf4 61. Kd5 Be3 62. Bh4 Bd2 63. Kd6 Be3 64. e7 Bd2 65. Ke6 Bb4 66. Bg5 {Game
drawn by mutual agreement} 1/2-1/2

[Event "Team 45 45 League T27"]
[Site "Internet Chess Club"]
[Date "2005.07.16"]
[Round "5"]
[White "Katzie"]
[Black "crankn8tr"]
[Result "1-0"]
[WhiteElo "1566"]
[BlackElo "1545"]
[TimeControl "2700+45"]

1. e4 c5 2. Nf3 e6 3. d4 cxd4 4. Nxd4 a6 5. Nc3 Qc7 6. Be3 Nf6 7. Qd2 b5 8. f3
d6 9. Be2 Bb7 10. O-O-O Nbd7 11. Rhe1 Be7 12. a3 O-O 13. g4 Ne5 14. Rg1 Nfd7 15.
f4 Nc4 16. Bxc4 bxc4 17. g5 Nc5 18. Qg2 Rab8 19. h4 Qb6 20. h5 e5 21. Nf5 Rfe8
22. g6 Bf8 23. Nh6+ Kh8 24. Nxf7+ Kg8 25. gxh7+ Kxh7 26. Qg6+ Kg8 27. Bxc5 Qxc5
28. h6 Qe3+ 29. Kb1 Qh3 30. Ng5 Qxc3 31. Qh7# {Black checkmated} 1-0

[Event "Team 45 45 League T27"]
[Site "Internet Chess Club"]
[Date "2005.07.18"]
[Round "5"]
[White "jientho"]
[Black "Tomate"]
[Result "0-1"]
[WhiteElo "1301"]
[BlackElo "1419"]
[TimeControl "2700+45"]

1. e4 d6 2. d4 Nf6 3. Nc3 g6 4. f4 Bg7 5. e5 dxe5 6. fxe5 Nd5 7. Bd2 Bf5 8. Nf3
Nc6 9. Bc4 Ndb4 10. Bb3 Nxd4 11. O-O Nxf3+ 12. Qxf3 Bxe5 13. Bh6 e6 14. Qxb7 Rb8
15. Ba4+ Ke7 16. Bg5+ f6 17. Qxa7 Bd4+ 18. Be3 Bxa7 19. Bxa7 Rb7 20. Rad1 Nd5
21. Nxd5+ exd5 22. Bc5+ Kf7 23. Bc6 Rxb2 24. Bxd5+ Kg7 25. Bc6 Qc8 26. Rfe1 Rxc2
27. Re7+ Kh6 28. Be3+ g5 29. h4 Rxc6 30. hxg5+ fxg5 31. Kf1 Re8 32. Bxg5+ Kxg5
33. Rg7+ Kf6 34. Rg3 Qa6+ 35. Kg1 Qxa2 36. Rf3 Qa7+ 37. Kh1 Rc2 38. g4 Re5 39.
Rdf1 Qb7 40. Kg1 Qb6+ 41. Kh1 Qc6 42. Kg1 Qc5+ 43. Kh1 Qd5 44. Kg1 Qd4+ 45. Kh1
Qxg4 46. Rg1 {White resigns} 0-1

[Event "Team 45 45 League T27"]
[Site "Internet Chess Club"]
[Date "2005.07.17"]
[Round "5"]
[White "Heller"]
[Black "hotzoddy"]
[Result "1-0"]
[WhiteElo "1328"]
[BlackElo "1233"]
[TimeControl "2700+45"]

1. e4 e6 2. Nf3 d5 3. e5 c5 4. d4 Nc6 5. c3 Qb6 6. Be2 Nge7 7. O-O Nf5 8. b3 Be7
9. Bd3 cxd4 10. Bxf5 exf5 11. cxd4 O-O 12. Nc3 Be6 13. Bg5 h6 14. Bxe7 Nxe7 15.
Qd3 a6 16. Na4 Qc6 17. Rac1 Qe8 18. Rc7 Rb8 19. Nc5 Bc8 20. a4 Qd8 21. Rxe7 Qxe7
22. g3 b6 23. Nxa6 Bxa6 24. Qxa6 Qb7 25. Qd3 g6 26. Qe3 Kg7 27. e6 Qe7 28. Qe5+
f6 29. Qxd5 Rfd8 30. Qc4 Rbc8 31. Qe2 Rc6 32. Rd1 Qxe6 33. Qa6 Qe4 34. Qb7+ Kf8
35. Nh4 Qg4 36. Rd3 Rxd4 37. Rxd4 Qxd4 38. Qxc6 Qd1+ 39. Kg2 Qxb3 40. Nxg6+ Kg8
41. Qe8+ Kg7 42. Ne7 Qf7 43. Nxf5+ Kg6 44. Qe4 Kg5 45. Qf4+ Kh5 46. Qxh6+ Kg4
47. Qf4+ Kh5 48. g4+ Kg6 49. Qh6# {Black checkmated} 1-0

[Event "Team 45 45 League T27"]
[Site "Internet Chess Club"]
[Date "2005.07.15"]
[Round "5"]
[White "Knight-Rookie"]
[Black "nona"]
[Result "0-1"]
[WhiteElo "1261"]
[BlackElo "1399"]
[TimeControl "2700+45"]

1. e4 d5 2. exd5 Nf6 3. Nf3 Nxd5 4. d4 g6 5. c4 Nb6 6. Nc3 Bg7 7. Be3 O-O 8. Qc2
Bf5 9. Ne4 N8d7 10. Bd3 c6 11. Nc5 Bxd3 12. Qxd3 Nxc5 13. Qd2 Ne4 14. Qc2 Nf6
15. O-O Qc7 16. h3 Rad8 17. a4 Rfe8 18. Rac1 Nfd7 19. a5 Nc8 20. b4 e5 21. Rfe1
exd4 22. Nxd4 Nf8 23. Nf3 Ne6 24. Nh2 Nd6 25. Ng4 Nf5 26. Bxa7 Qe7 27. Bc5 Qg5
28. Bb6 Rd2 29. Qb3 Nfd4 30. Qg3 Ne2+ 31. Rxe2 Rxe2 32. Rd1 Nf4 33. h4 Qf5 34.
Ne3 Qe4 35. f3 Nh5 36. Qh3 Qe6 37. Ng4 Re1+ 38. Rxe1 Qxe1+ 39. Kh2 Be5+ 40. Nxe5
Qxe5+ 41. g3 Qe2+ 42. Qg2 Qxg2+ 43. Kxg2 Re2+ 44. Kh3 Rc2 45. g4 Nf4+ 46. Kg3
Ne6 47. c5 Rb2 48. g5 Rxb4 49. Kh3 Rc4 50. Kg3 Nxc5 51. Bxc5 Rxc5 52. Kg4 Rxa5
53. f4 b5 54. h5 gxh5+ 55. Kxh5 b4 56. f5 Rxf5 57. Kh6 Rf1 58. g6 fxg6 59. Kg5
b3 60. Kh6 b2 {White resigns} 0-1

[Event "Team 45 45 League T27"]
[Site "Internet Chess Club"]
[Date "2005.07.18"]
[Round "5"]
[White "GLuft"]
[Black "slakkjaw"]
[Result "1-0"]
[WhiteElo "1169"]
[BlackElo "1142"]
[TimeControl "2700+45"]

1. e4 e5 2. Nf3 Nc6 3. c3 Nf6 4. d3 Bc5 5. Be2 d6 6. Bg5 h6 7. Bd2 Be6 8. Nh4
Qd7 9. O-O O-O-O 10. b4 Bb6 11. a4 a6 12. a5 Bh3 13. Bf3 Bxf2+ 14. Rxf2 h5 15.
gxh3 Qxh3 16. Ng2 Ng4 17. Bxg4+ hxg4 18. Ne3 g3 19. Rg2 gxh2+ 20. Kh1 f5 21. Qe2
Rdf8 22. Nf1 fxe4 23. dxe4 Qh5 24. Na3 Qxe2 25. Rxe2 Rh6 26. Rxh2 Rhf6 27. Ne3
Ne7 28. Kg1 Ng6 29. Rf1 Rg8 30. Rhf2 Nf4 31. Ng4 Nh3+ 32. Kg2 Nxf2 33. Nxf6
gxf6+ 34. Kxf2 Rg4 35. Kf3 Rh4 36. Ke2 Rxe4+ 37. Kd3 d5 38. Nc2 c5 39. bxc5 Rc4
40. Rxf6 Rxc5 41. Ne3 Rxa5 42. Ke2 Kd7 43. c4 dxc4 44. Bxa5 Ke7 45. Rb6 Kd7 46.
Nxc4 Kc8 47. Nxe5 Kb8 48. Kd3 Ka7 49. Kd4 Kb8 50. Kd5 Ka7 51. Kd6 Kb8 52. Kd7
Ka8 53. Kc7 Ka7 54. Rxb7+ Ka8 55. Rb6 Ka7 56. Nc6+ Ka8 57. Rxa6# {Black
checkmated} 1-0

[Event "Team 45 45 League T27"]
[Site "Internet Chess Club"]
[Date "2005.07.14"]
[Round "5"]
[White "Schach-Prinz"]
[Black "N20863"]
[Result "0-1"]
[WhiteElo "1246"]
[BlackElo "1366"]
[TimeControl "2700+45"]

1. d4 Nf6 2. c4 e6 3. Nf3 d5 4. e3 c5 5. b3 Nc6 6. Ba3 Qa5+ 7. Nfd2 Ne4 8. Bb2
Nb4 9. a3 Nc6 10. Bd3 Nxd2 11. Nxd2 Be7 12. Bc3 Qxc3 13. Bc2 cxd4 14. O-O d3 15.
Bb1 Qxa1 16. Qg4 O-O 17. Qh3 Qc3 {White resigns} 0-1

[Event "Team 45 45 League T27"]
[Site "Internet Chess Club"]
[Date "2005.07.18"]
[Round "5"]
[White "WannaB"]
[Black "Traho"]
[Result "0-1"]
[WhiteElo "1104"]
[BlackElo "1363"]
[TimeControl "2700+45"]

1. e4 e5 2. Nf3 Nc6 3. Bc4 Bc5 4. c3 a6 5. d4 exd4 6. cxd4 Bb4+ 7. Bd2 Bxd2+ 8.
Nbxd2 Na5 9. Bd3 d5 10. Qa4+ c6 11. b4 Nc4 12. Nxc4 dxc4 13. Bxc4 b5 14. Bxf7+
Kxf7 15. Qb3+ Ke8 16. O-O Nf6 17. Qc2 Bd7 18. h3 Qc8 19. Ne5 Ra7 20. Qb3 Be6 21.
Qe3 Rc7 22. a3 Nd7 23. Qf4 Nxe5 24. Qxe5 Re7 25. f3 Bc4 26. Qh5+ g6 27. Qg4 Qxg4
28. hxg4 Bxf1 29. Kxf1 Rf8 30. Rc1 Re6 31. d5 cxd5 32. exd5 Rd6 33. Re1+ Kd7 34.
Rd1 Re8 35. Kf2 Re5 36. f4 Rexd5 37. Rxd5 Rxd5 38. Ke3 Ke6 39. Ke4 h6 40. f5+
gxf5+ 41. gxf5+ Rxf5 42. g4 Rf6 43. Kd4 Rf4+ 44. Kd3 Rxg4 45. Kc3 h5 46. Kb2 h4
47. Kb3 h3 48. a4 Rg3+ {White resigns} 0-1

[Event "Team 45 45 League T27"]
[Site "Internet Chess Club"]
[Date "2005.07.13"]
[Round "5"]
[White "NineMilly"]
[Black "DayDream01"]
[Result "1-0"]
[WhiteElo "1162"]
[BlackElo "1078"]
[TimeControl "2700+45"]

1. e4 g6 2. c4 Bg7 3. d4 d6 4. h3 Nf6 5. Nc3 c6 6. Nf3 Be6 7. Bd3 O-O 8. Bg5 Qa5
9. O-O Nbd7 10. Qb3 Rab8 11. Rfe1 b5 12. d5 bxc4 13. Qxc4 cxd5 14. exd5 Rfc8 15.
Qa6 Qb6 16. dxe6 fxe6 17. Rxe6 Qxb2 18. Rae1 Rxc3 19. Rxe7 Rxd3 20. Qxd3 Bf8 21.
R7e2 Qb6 22. Bxf6 Nxf6 23. Re6 Ne8 24. Qc4 Kh8 25. Rxe8 Rxe8 26. Rxe8 Qb1+ 27.
Kh2 Qf5 28. Qg4 Qf7 29. Qc8 Kg7 30. Qc3+ Kg8 31. Qb3 d5 32. Qb8 Kg7 33. Qe5+ Kg8
34. Qe6 Qxe6 35. Rxe6 Kf7 36. Ra6 Bc5 37. Kg3 d4 38. Ra5 Bb6 39. Rd5 Ke6 40.
Re5+ Kd6 41. Re1 Kd5 42. Re5+ Kc4 43. Re1 d3 44. Rd1 Ba5 45. Ne5+ Kd4 46. Nxd3
Kc3 47. Nc5 Bb4 48. Ne4+ Kb2 49. Rd4 a5 50. a4 Kb3 51. Nf6 Kxa4 52. Nxh7 Kb5 53.
Kg4 a4 54. Kg5 a3 55. Kxg6 a2 56. Rd1 Bc3 57. f4 a1=Q 58. Rxa1 Bxa1 59. f5 Kc6
60. f6 Be5 61. f7 Bd6 62. h4 Kd7 63. h5 Ke6 64. h6 Bc5 65. f8=Q Bxf8 66. Nxf8+
Ke7 67. h7 Kxf8 68. h8=Q+ Ke7 69. Qf6+ Ke8 70. Kf5 Kd7 71. g4 Ke8 72. g5 Kd7 73.
g6 Ke8 74. g7 Kd7 75. g8=Q Kc7 76. Qgg7+ Kc8 77. Qff8# {Black checkmated} 1-0

[Event "Team 45 45 League T27"]
[Site "Internet Chess Club"]
[Date "2005.07.18"]
[Round "5"]
[White "tryanything"]
[Black "cazj"]
[Result "1-0"]
[WhiteElo "1460"]
[BlackElo "1353"]
[TimeControl "2700+45"]

1. e4 e5 2. Nf3 Nc6 3. Bc4 Bc5 4. b4 Bxb4 5. c3 Ba5 6. O-O Nf6 7. d4 Nxe4 8.
dxe5 Nxc3 9. Qb3 Qe7 10. Nxc3 O-O 11. Bg5 Qc5 12. Ne4 Qb4 13. Qd3 Re8 14. Nf6+
gxf6 15. Bxf6 Qc3 16. Bxf7+ Kxf7 17. Qxh7+ Ke6 18. Ng5+ Kd5 19. Qe4+ Kc5 20.
Rfc1 Nxe5 21. Rxc3+ Bxc3 22. Qe3+ Bd4 23. Rc1+ Kd5 24. Qe4+ Kd6 25. Qxd4# {Black
checkmated} 1-0

[Event "Team 45 45 League T27"]
[Site "Internet Chess Club"]
[Date "2005.07.17"]
[Round "5"]
[White "Midwest-Rook"]
[Black "SandiaCaveMan"]
[Result "0-1"]
[WhiteElo "1201"]
[BlackElo "1359"]
[TimeControl "2700+45"]

1. e4 c5 2. Nc3 Nc6 3. g3 e5 4. Bg2 Be7 5. d3 d6 6. Be3 Nf6 7. h3 Be6 8. Nf3 d5
9. exd5 Nxd5 10. Nxd5 Bxd5 11. Qd2 b6 12. c4 Bxf3 13. Bxf3 Qc7 14. Qc2 Rd8 15.
Qa4 Rd6 16. a3 O-O 17. Qc2 Nd4 18. Bxd4 Rxd4 19. O-O Qd7 20. Bg4 f5 21. Be2 f4
22. Bg4 Qc7 23. Be6+ Kh8 24. Qe2 Qd6 25. Bd5 f3 26. Qe3 Rf5 27. Be4 Bg5 28. Qe1
Qh6 29. Bxf5 Bf4 30. gxf4 Qxf4 31. Kh1 Qxf5 32. Kh2 Rh4 33. Rh1 Qxh3+ 34. Kg1
Qg2# {White checkmated} 0-1

[Event "Team 45 45 League T27"]
[Site "Internet Chess Club"]
[Date "2005.07.18"]
[Round "5"]
[White "littleboo"]
[Black "markev"]
[Result "0-1"]
[WhiteElo "1202"]
[BlackElo "1356"]
[TimeControl "2700+45"]

1. e4 c6 2. Nf3 d5 3. exd5 cxd5 4. Nc3 a6 5. d4 e6 6. a3 Be7 7. Bd3 Nf6 8. O-O
O-O 9. Bf4 Bd7 10. Ne5 Qb6 11. Bc1 Bc8 12. Na4 Qc7 13. Qe1 Nc6 14. f3 Nxd4 15.
Bf4 Bd6 16. Qg3 Nf5 17. Bxf5 exf5 18. Nc3 Nh5 19. Nxd5 Qc5+ 20. Qf2 Qxd5 21.
Rad1 Qe6 22. c4 Nxf4 23. Nd3 Qxc4 24. Qb6 Qc2 25. Qf2 Qb3 26. Nxf4 Bxf4 27. Rfe1
Be6 28. Rd4 Bc7 29. Rb4 Qd5 30. Rc1 Qd6 31. f4 b5 32. Rd4 Qe7 33. Rd3 Rab8 34.
Rc6 Rfd8 35. Rcc3 Rxd3 36. Rxd3 Bb6 {White resigns} 0-1